 Dungeon Crawl Stone Soup version 0.23.1 (webtiles) character file.

Game seed: 4095781328061707539

62 microfolk the Stinger (level 4, -1/28 HPs)
             Began as an Octopode Venom Mage on Mar 13, 2019.
             Slain by a hungry ghost (4 damage)
             ... on level 3 of the Dungeon.
             The game lasted 00:07:34 (2479 turns).

microfolk the Stinger (Octopode Venom Mage)         Turns: 2479, Time: 00:07:35

Health: -1/28      AC:  1    Str:  7    XL:     4   Next: 8%
Magic:  7/7        EV: 14    Int: 18    God:
Gold:   55         SH:  0    Dex: 12    Spells: 5/8 levels left

rFire    . . .     SeeInvis .   a - +0 dagger
rCold    . . .     Gourm    .   (no shield)
rNeg     . . .     Faith    .   (helmet restricted)
rPois    .         Spirit   .   (no amulet)
rElec    .         Reflect  .   (no ring)
rCorr    .         Harm     .   (no ring)
MR       .....                  (no ring)
Stlth    ++++......             (no ring)
HPRegen  0.09/turn              (no ring)
MPRegen  0.10/turn              (no ring)
                                (no ring)
                                (no ring)

@: no status effects
A: almost no armour, stealthy swim, amphibious, 8 rings, constrict 8, camouflage
1, gelatinous body 1
a: no special abilities


You were on level 3 of the Dungeon.
You were near starving.

You visited 1 branch of the dungeon, and saw 3 of its levels.

You collected 55 gold pieces.

Inventory:

Hand Weapons
 a - a +0 dagger (weapon)
 g - a +0 hunting sling
Missiles
 e - 33 sling bullets
 h - 77 stones (quivered)
 p - a throwing net
Armour
 m - a +0 large shield
Jewellery
 k - an uncursed amulet of the gourmand {unknown}
Scrolls
 d - a scroll of enchant armour {unknown}
 f - a scroll of random uselessness {unknown}
 q - a scroll of enchant weapon {unknown}
Potions
 c - a potion of heal wounds {unknown}
 i - a potion of mutation {unknown}
 j - 3 potions of curing {unknown}
 l - 3 potions of ambrosia {unknown}
 n - a potion of lignification {unknown}
 o - 2 potions of agility {unknown}
 r - 2 potions of brilliance {unknown}
 s - a potion of flight {unknown}
Comestibles
 b - 2 rations


   Skills:
 - Level 1.0 Fighting
 + Level 2.6 Dodging
 + Level 3.6 Stealth
 + Level 2.5 Spellcasting
 - Level 1.0 Conjurations
 * Level 1.2 Air Magic
 - Level 3.7 Poison Magic


You had 5 spell levels left.
You knew the following spells:

 Your Spells              Type           Power        Failure   Level  Hunger
a - Sting                 Conj/Pois      ##..         6%          1    #......
b - Poisonous Vapours     Pois/Air       ##....       10%         2    ##.....

Your spell library contained the following spells:

 Spells                   Type           Power        Failure   Level  Hunger
 Mephitic Cloud           Conj/Pois/Air  #.......     22%         3    ###....
 Olgreb's Toxic Radiance  Pois           ###.....     36%         4    #####..
 Venom Bolt               Conj/Pois      ##........   87%         5    ######.


Dungeon Overview and Level Annotations

Branches:
Dungeon (3/15)

Altars:
Gozag

Annotations:
D:2 exclusion: phantom


Innate Abilities, Weirdness & Mutations

You cannot wear most types of armour.
You are very stealthy in the water. (Stealth+)
You are amphibious.
You can wear up to eight rings at the same time.
You can use your tentacles to constrict eight enemies at once.
Your skin changes colour to match your surroundings (Stealth+).
Your rubbery body absorbs attacks. (AC +1, EV +1)


Message History

The floor.
You hit the hungry ghost. Your squeeze misses the hungry ghost.
The hungry ghost is heavily damaged.
The hungry ghost hits you.
* * * LOW HITPOINT WARNING * * *
You are feeling hungry.
You closely miss the hungry ghost.
The hungry ghost is heavily damaged.
The hungry ghost hits you.
* * * LOW HITPOINT WARNING * * *
You are feeling very hungry.
You closely miss the hungry ghost.
The hungry ghost is heavily damaged.
The hungry ghost hits you.
* * * LOW HITPOINT WARNING * * *
You are near starving!
You hit the hungry ghost. Your squeeze misses the hungry ghost.
The hungry ghost is heavily damaged.
The hungry ghost hits you.
You die...

≈≈≈ ≈≈ ♣≈♣♣≈
#.###.≈≈♣♣♣♣♣
.....W...##.#
#K####.#.##.# .#
#.#.##.# (#####
#......## .....
#####W..####.#.###.
#≈≈≈@≈≈≈≈#..[....
####...####.......
#.................
#########...#.###
#.....# #...###
#...# #...#
##...###


You could see a hungry ghost.

Vanquished Creatures
  2 oozes
  A worm (D:2)
  3 leopard geckos (D:1)
  9 bats
  2 giant cockroaches (D:1)
  5 goblins (D:1)
  6 hobgoblins
  4 kobolds
  2 quokkas (D:3)
  6 frilled lizards
  4 rats
44 creatures vanquished.

Notes
Turn   | Place    | Note
-------+----------+-------------------------------------------
     0 | D:1      | microfolk the Octopode Venom Mage began the quest for the
                  | Orb.
     0 | D:1      | Reached XP level 1. HP: 11/11 MP: 3/3
   455 | D:1      | Reached XP level 2. HP: 18/18 MP: 0/5
   459 | D:1      | Learned a level 2 spell: Poisonous Vapours
   877 | D:1      | Reached XP level 3. HP: 22/22 MP: 0/6
   986 | D:1      | Reached skill level 1 in Fighting
  1647 | D:2      | Noticed a phantom
  1900 | D:2      | Reached skill level 1 in Air Magic
  1982 | D:2      | Found an opulent altar of Gozag.
  2344 | D:3      | Reached XP level 4. HP: 28/28 MP: 4/7
  2448 | D:3      | Noticed a hungry ghost
  2479 | D:3      | Slain by a hungry ghost

Skill      XL: |  1  2  3 |
---------------+----------+-----
Stealth        | 3 |  3.6
Fighting       | 1 |  1.0
Air Magic      | 1 |  1.2
Dodging        | |  2.6
Spellcasting   | |  2.5
Conjurations   | |  1.0
Poison Magic   | |  3.7

Action                   |  1- 3 |  4- 6 || total
-------------------------+-------+-------++-------
Melee: Unarmed           |    10 |       ||    10
       Dagger            |    32 |    28 ||    60
       Constrict         |     9 |     2 ||    11
       Tentacles         |     7 |     2 ||     9
 Cast: Sting             |    12 |       ||    12
       Poisonous Vapours |    32 |     3 ||    35
 Stab: Sleeping          |     1 |       ||     1
  Eat: Chunk             |     5 |       ||     5
       Ration            |       |     2 ||     2
Armor: Skin              |     9 |     2 ||    11
Dodge: Dodged            |    23 |    14 ||    37
